Cogmind - Beta 14 @@@ ROGUE MODE // 2024.09.08 @ 10:33:20 Player: Cereal Killer Result: Destroyed by G-47 Trooper with Particle Gun Performance ------------- Evolutions (3) 1500 Regions Visited (8) 1600 Robots Destroyed (153) 765 Value Destroyed (7103) 7103 Prototype IDs (41) 820 Alien Tech Used (0) 0 Bonus (2715) 2715 TOTAL SCORE: 14503 Bonus ------- High Alert Combat Kills 1998 Follower Combat Kills 280 Entered Garrisons 200 Aligned with FarCom 300 Friendly Fire -63 Cogmind --------- Core Integrity 0/700 Matter 278/300 Energy 150/150 System Corruption 1% Temperature Cool (9) Movement Rolling (100) Location -7/Factory Parts ------- > --- POWER (1) -------- Micro Nuclear Core > --- PROPULSION (3) --- Armored Huge Wheel > --- UTILITY (6) ------ Coolant Injector Weapon Cycler Weapon Shielding Weapon Shielding > --- WEAPON (3) ------- Gauss Cannon Heavy Missile Launcher Plasma Lance > --- INVENTORY (5) ---- Armored Huge Wheel AWS/Autocannon Peak State ------------ > --- POWER ------------ Improved Deuterium Engine > --- PROPULSION ------- Improved Carbon-fiber Leg Improved Carbon-fiber Leg Improved Carbon-fiber Leg > --- UTILITY ---------- Experimental Cooling System Experimental Cooling System Coolant Injector Large Storage Unit Core Analyzer Layered Light Armor Plating > --- WEAPON ----------- Enhanced Force Rifle Heavy Gatling Laser Heavy Neutron Cannon > --- INVENTORY -------- Improved Carbon-fiber Leg Cryofiber Web Experimental Cooling System Experimental Cooling System Coolant Injector Improved Lightning Gun Cooled Proton Cannon Heavy Neutron Cannon AWS/Autocannon Plasma Lance [Rating: 75] Favorites ----------- Power Light Deuterium Engine Engine Light Deuterium Engine Power Core Micro Nuclear Core Propulsion Wheel Treads Armored Treads Leg Improved Carbon-fiber Leg Wheel Wheel Utility Large Storage Unit Device Improved Heat Sink Storage Large Storage Unit Processor Advanced Targeting Computer Protection Reactive Plating Weapon Advanced Beam Rifle Energy Gun Advanced Beam Rifle Energy Cannon Heavy Particle Cannon Ballistic Gun Assault Rifle Ballistic Cannon AWS/Autocannon Launcher Improved Grenade Launcher Impact Weapon Great Maul Piercing Weapon Plasma Lance Build | -11 -10 -10 -10 -9 -8 -8 -8 -7 ------- Run | Yrd Mat Min Exi Min Mat Gar Mat Fac Slots Evolved 6 | . . . . . 4 . . 2 Power . | . . . . . . . . . Propulsion 1 | . . . . . . . . 1 Utility 4 | . . . . . 3 . . 1 Weapon 1 | . . . . . 1 . . . Parts Attached 131 | 6 9 2 . . 24 8 20 62 Power 16 | 1 2 1 . . 2 2 2 6 Engine 14 | 1 2 1 . . 1 2 2 5 Core 2 | . . . . . 1 . . 1 Reactor . | . . . . . . . . . Propulsion 32 | 2 2 . . . 5 3 5 15 Treads 1 | . . . . . . . . 1 Leg 9 | . . . . . 2 . . 7 Wheel 22 | 2 2 . . . 3 3 5 7 Hover . | . . . . . . . . . Flight . | . . . . . . . . . Utility 39 | 1 2 . . . 6 2 9 19 Device 20 | . 1 . . . 3 1 6 9 Storage 2 | 1 1 . . . . . . . Processor 2 | . . . . . 1 . . 1 Hackware . | . . . . . . . . . Protection 15 | . . . . . 2 1 3 9 Artifact . | . . . . . . . . . Weapon 44 | 2 3 1 . . 11 1 4 22 Energy Gun 13 | 2 . . . . 5 . 1 5 Energy Cannon 13 | . . . . . 3 . 2 8 Ballistic Gun 7 | . 3 1 . . 2 1 . . Ballistic Cannon 5 | . . . . . . . . 5 Launcher 3 | . . . . . . . 1 2 Special Weapon . | . . . . . . . . . Impact Weapon 1 | . . . . . 1 . . . Slashing Weapon . | . . . . . . . . . Piercing Weapon 2 | . . . . . . . . 2 Special Melee Weapon . | . . . . . . . . . Unidentified Prototypes 12 | . . . . . 1 . 1 10 Parts Lost 48 | . 2 1 . . 6 3 9 27 Power 7 | . . 1 . . 1 1 1 3 Propulsion 13 | . . . . . 2 1 2 8 Utility 16 | . . . . . 1 . 4 11 Weapon 12 | . 2 . . . 2 1 2 5 Highest Loss Streak 10 | . 1 1 . . 3 1 3 10 To Critical Strikes . | . . . . . . . . . Average Slot Usage (%) 92 | . 94 100 100 100 95 99 95 81 Engine 8 | . 13 14 14 14 8 7 8 4 Leg 2 | . . . . . 2 1 . 4 Wheel 16 | . 26 28 28 28 15 16 15 10 Device 17 | . 1 14 14 14 16 18 24 19 Storage 9 | . 24 14 14 14 9 9 9 4 Processor 4 | . . . . . 7 9 1 4 Protection 7 | . . . . . 7 9 9 10 Energy Gun 12 | . 11 . . . 14 23 15 7 Energy Cannon 3 | . . . . . 3 . 7 6 Ballistic Gun 6 | . 15 28 28 28 8 3 1 . Peak Build Rating 75 | 6 7 7 10 10 40 40 41 75 Average Rating 34 | 4 6 6 8 10 29 36 36 51 On Entrance 16 | . 6 7 7 10 10 40 36 32 Naked Turns . | . . . . . . . . . Heaviest Build 117 | 14 34 27 27 27 52 47 59 117 Greatest Support 54 | 32 32 26 26 26 36 36 28 54 Greatest Overweight (x) 7 | . 1 1 1 1 2 2 4 7 Average Overweight (x) 1 | . . 1 1 1 1 1 2 1 Largest Inventory Capacity 15 | 8 15 15 15 15 15 15 15 15 Average Capacity 13 | 7 13 15 15 15 15 15 15 11 Most Carried 15 | 5 8 6 9 9 15 15 15 15 Average Carried 11 | 1 2 5 7 9 14 14 14 11 Final Capacity 15 | 8 15 15 15 15 15 15 15 5 Final Carried 15 | 2 6 6 9 9 15 14 15 5 Class Distribution -------------------- 58% | Skirmisher 25% | Mutant 12% | Tank Dominant Class ---------------- Mutant | -10/Materials Mutant | -10/Mines Mutant | -10/Exiles Mutant | -9/Mines Skirmisher | -8/Materials Skirmisher | -8/Garrison Skirmisher | -8/Materials Skirmisher | -7/Factory Resources | -11 -10 -10 -10 -9 -8 -8 -8 -7 ----------- Run | Yrd Mat Min Exi Min Mat Gar Mat Fac Matter Collected 2105 | 176 220 76 . 45 542 152 267 627 Remotely . | . . . . . . . . . Salvage Created 6257 | . 236 35 . 55 1472 1174 1612 1673 Parts 284 | . 19 4 . 4 71 46 66 74 Haulers Intercepted 6 | . . . . . 2 . 2 2 Recyclers Shooed 2 | . . . . . 1 . 1 . Parts Field Recycled . | . . . . . . . . . Retrieved Matter . | . . . . . . . . . Parts Self-Destructed . | . . . . . . . . . Prevented . | . . . . . . . . . Kills | -11 -10 -10 -10 -9 -8 -8 -8 -7 ------- Run | Yrd Mat Min Exi Min Mat Gar Mat Fac Combat Hostiles Destroyed 131 | . 7 2 . 4 24 25 26 43 Guns 71 | . 7 2 . 4 12 23 17 6 Cannons 48 | . . . . . 8 . 6 34 AOE 6 | . . . . . 3 . . 3 Classes Destroyed 16 | . 3 . . . 7 . 3 3 Worker 4 | . . . . . 1 . . 3 Builder 1 | . 1 . . . . . . . Hauler 6 | . . . . . 2 . 2 2 Recycler 1 | . . . . . . . . 1 Mechanic 1 | . . . . . . . 1 . Operator 2 | . . . . . 2 . . . Watcher 7 | . . . . . 3 . 3 1 Swarmer 21 | . 3 2 . 4 . 3 2 7 Grunt 65 | . 4 . . . 15 13 16 17 Brawler 4 | . . . . . 1 1 1 1 Duelist 3 | . . . . . . . 1 2 Sentry 17 | . . . . . 5 8 4 . Specialist 2 | . . . . . . . . 2 Hunter 11 | . . . . . 3 . 1 7 Programmer 4 | . . . . . . . . 4 Heavy 4 | . . . . . . . 1 3 Best Kill Streak 12 | . 4 2 . 4 6 7 5 12 Combat Bots Only 9 | . 4 2 . 4 4 7 5 9 Max Kills in Single Turn 3 | . 2 2 . 2 3 2 1 1 Gunslinging 1 | . 1 1 . 1 . 1 . . Exploded 3 | . . . . . 3 . . 1 Melee . | . . . . . . . . . Uniques/NPCs Destroyed . | . . . . . . . . . Combat | -11 -10 -10 -10 -9 -8 -8 -8 -7 -------- Run | Yrd Mat Min Exi Min Mat Gar Mat Fac Hostile Shots Fired 779 | . 57 20 . 22 95 43 91 451 Missed 261 | . 10 8 . 9 30 9 28 167 Damage Taken 8449 | . 476 94 . 100 905 564 1253 5057 Core 1319 | . 102 16 . 31 118 49 299 704 Absorbed by Shields 144 | . . . . . 144 . . . Redirected to Shielding 71 | . . . . . . . 6 65 Ignored by Resistances 384 | . . . . . . 8 108 268 Core Remaining (%) 51 | 100 . . . 40 . . 15 . Volleys Fired 323 | . 35 6 . 9 64 57 88 64 Largest 3 | . 2 2 . 2 3 3 3 3 Hottest 301 | . 90 40 . 40 183 183 197 301 Shots Fired 871 | . 64 12 . 18 169 170 235 203 Gun 642 | . 64 12 . 18 134 170 162 82 Cannon 222 | . . . . . 35 . 73 114 Launcher 7 | . . . . . . . . 7 Special . | . . . . . . . . . Kinetic 202 | . 32 12 . 18 52 18 18 52 Thermal 640 | . 20 . . . 114 152 217 137 Explosive 7 | . . . . . . . . 7 Electromagnetic 22 | . 12 . . . 3 . . 7 Robot Hit Streak 26 | . 8 4 . 10 26 25 17 22 Robot Miss Streak 6 | . 4 3 . 1 6 2 3 5 Penetration Max 1 | . . . . . . 1 . . Secondary Targets 9 | . 3 1 . 2 . 3 . . Max Gunslinging Chain 1 | . 1 1 . 1 . 1 . . Autonomous 49 | . . . . . . . . 49 Shots Hit Robots 558 | . 38 7 . 16 105 85 158 149 Core Hits 242 | . 14 3 . 6 52 38 57 72 Critical Kills 1 | . . . . . . . . 1 Critical Parts Destroyed 2 | . . . . . 1 . . 1 Critical Strikes 33 | . . . . . 6 8 10 9 Burn 25 | . . . . . 5 7 10 3 Destroy 4 | . . . . . 1 1 . 2 Blast 4 | . . . . . . . . 4 Melee Attacks 7 | . . . . . 1 . . 6 Impact 1 | . . . . . 1 . . . Slashing . | . . . . . . . . . Piercing 6 | . . . . . . . . 6 Sneak Attacks . | . . . . . . . . . Combat Hostiles . | . . . . . . . . . Follow-up Attacks . | . . . . . . . . . Damage Inflicted 15219 | . 485 67 . 185 2410 1798 3373 6901 Guns 7630 | . 485 67 . 185 1566 1790 2370 1167 Cannons 6874 | . . . . . 600 . 1003 5271 Explosions 560 | . . . . . 244 8 . 308 Melee 155 | . . . . . . . . 155 Ramming . | . . . . . . . . . Kinetic 5232 | . 248 67 . 185 402 102 281 3947 Thermal 9113 | . 129 . . . 1764 1688 3092 2440 Explosive 496 | . . . . . 244 8 . 244 Electromagnetic 223 | . 108 . . . . . . 115 Impact . | . . . . . . . . . Slashing . | . . . . . . . . . Piercing 155 | . . . . . . . . 155 Highest Corruption 9 | . . . . . . . 9 1 Average Corruption 2 | . . . . . . . 6 1 Corruption Purged . | . . . . . . . . . Corruption Blocked . | . . . . . . . . . Effects 35 | . . . . . . . 21 14 Message Errors 8 | . . . . . . . 4 4 Matter Fused 8 | . . . . . . . 3 5 Heat Flow Errors 3 | . . . . . . . 2 1 Energy Discharges 5 | . . . . . . . 2 3 Parts Rejected 1 | . . . . . . . 1 . Data Loss (minor) 4 | . . . . . . . 3 1 Misfires 4 | . . . . . . . 4 . Alerts 1 | . . . . . . . 1 . Weapon Failures 1 | . . . . . . . 1 . Overload Shots . | . . . . . . . . . Overflow Damage 293 | . . . . . 53 . 13 227 Projectiles 240 | . . . . . . . 13 227 Explosions 53 | . . . . . 53 . . . Melee . | . . . . . . . . . Knockbacks 16 | . . . . . . . . 16 Impact . | . . . . . . . . . Kinetic 11 | . . . . . . . . 11 Secondary 5 | . . . . . . . . 5 Self-Inflicted Damage 104 | . . . . . 81 23 . . Shots 2 | . . . . . 1 1 . . Rammed . | . . . . . . . . . Targets Rammed . | . . . . . . . . . Kicked . | . . . . . . . . . Crushed . | . . . . . . . . . Highest Temperature 310 | . 310 . . . 270 131 250 190 Average Temperature 91 | . 161 . . . 82 48 99 58 Received Heat Transfer 2524 | . 159 . . . 496 369 423 1077 Effects 1 | . 1 . . . . . . . Energy Bleed 1 | . 1 . . . . . . . Siege Activations . | . . . . . . . . . Robots Corrupted . | . . . . . . . . . Combat Hostiles . | . . . . . . . . . Parts Fried 2 | . 1 . . . . . . 1 Impact Corruptions 1 | . . . . . . . . 1 Robots Melted 6 | . . . . . 1 2 3 . Combat Hostiles 6 | . . . . . 1 2 3 . Parts Melted 44 | . . . . . 9 9 17 9 Heat Transferred 16526 | . 370 . . . 3441 3626 6290 2799 Parts Sabotaged . | . . . . . . . . . Parts Stolen . | . . . . . . . . . Parts Stripped . | . . . . . . . . . Power Chain Reactions 1 | . . . . . . . . 1 Alert | -11 -10 -10 -10 -9 -8 -8 -8 -7 ------- Run | Yrd Mat Min Exi Min Mat Gar Mat Fac Peak Influence 1447 | . 266 145 . 105 384 1418 1447 1189 Initial 690 | . . 103 . . 40 221 690 608 Average 591 | . 136 116 . 83 155 782 1131 752 Maximum Alert Level 4 | . 1 . . . 1 4 4 4 Low Security (%) 28 | 100 55 100 . 100 73 . . . Level 1 11 | . 44 . . . 26 19 . . Level 2 20 | . . . . . . 31 1 50 Level 3 20 | . . . . . . 19 32 40 Level 4 18 | . . . . . . 30 65 8 Level 5 . | . . . . . . . . . High Security . | . . . . . . . . . Max Security . | . . . . . . . . . Squads Dispatched 30 | . 1 . . . 5 . 9 15 Investigation 8 | . 1 . . . 2 . 2 3 Extermination 3 | . . . . . . . . 3 Reinforcement 11 | . . . . . 2 . 4 5 Assault 4 | . . . . . . . 3 1 Garrison 4 | . . . . . 1 . . 3 Intercept . | . . . . . . . . . Searches Triggered . | . . . . . . . . . Construction Impeded 1 | . . . . . . . . 1 Haulers Reinforced 1 | . . . . . . . . 1 Active Scanning Responses . | . . . . . . . . . Cargo Convoy Interrupts 1 | . . . . . . . . 1 Stealth | -11 -10 -10 -10 -9 -8 -8 -8 -7 --------- Run | Yrd Mat Min Exi Min Mat Gar Mat Fac Distress Signals 12 | . 1 . . . 3 . 7 1 Communications Jammed . | . . . . . . . . . Distress Signals . | . . . . . . . . . Times Spotted 180 | . 15 3 . 6 34 28 36 58 Peak Tracking Total 12 | . 4 3 . 5 5 6 6 12 Tactical Retreats 9 | . 1 . . . 3 1 2 2 Traps | -11 -10 -10 -10 -9 -8 -8 -8 -7 ------- Run | Yrd Mat Min Exi Min Mat Gar Mat Fac Traps Triggered 20 | . 3 . . . . 9 4 4 Indirectly . | . . . . . . . . . Trap Hack Attempts . | . . . . . . . . . Triggered . | . . . . . . . . . Disarmed . | . . . . . . . . . Reprogrammed . | . . . . . . . . . Reused . | . . . . . . . . . Traps Extracted . | . . . . . . . . . Installed . | . . . . . . . . . Triggered . | . . . . . . . . . Machines | -11 -10 -10 -10 -9 -8 -8 -8 -7 ---------- Run | Yrd Mat Min Exi Min Mat Gar Mat Fac Machines Disabled 16 | . . . . . 2 7 5 2 Max in Single Turn 2 | . . . . . 1 2 1 1 Garrison Access 1 | . . . . . . . 1 . Garrison Relay 4 | . . . . . . 4 . . Phase Generator 1 | . . . . . . 1 . . Machines Repaired . | . . . . . . . . . Machines Dismantled . | . . . . . . . . . Machines Sabotaged . | . . . . . . . . . Overloaded Fab Kills . | . . . . . . . . . Hacking | -11 -10 -10 -10 -9 -8 -8 -8 -7 --------- Run | Yrd Mat Min Exi Min Mat Gar Mat Fac Machines Accessed 30 | . 1 1 1 . 8 4 5 10 Terminals 22 | . 1 1 . . 6 4 4 6 Fabricators 2 | . . . . . . . . 2 Repair Stations . | . . . . . . . . . Recycling Units . | . . . . . . . . . Scanalyzers 2 | . . . . . 1 . . 1 Garrison Access 3 | . . . . . 1 . 1 1 Total Hacks 85 | . 3 5 1 . 34 11 9 22 Successful 43 | . 2 3 1 . 26 1 2 8 Failed 41 | . 1 2 . . 7 10 7 14 Catastrophic 8 | . 1 . . . 1 2 2 2 Database Lockouts 1 | . . . . . 1 . . . Manual 32 | . 3 6 1 . 12 . 5 5 Terminals 56 | . 3 5 . . 19 11 6 12 Fabricators 4 | . . . . . . . . 4 Repair Stations . | . . . . . . . . . Recycling Units . | . . . . . . . . . Scanalyzers 17 | . . . . . 14 . . 3 Garrison Access 7 | . . . . . 1 . 3 3 Terminal Hacks 15 | . 1 3 1 . 6 1 . 3 Record 1 | . . . . . 1 . . . Robot Analysis 6 | . 1 3 . . 2 . . . Prototype ID Bank 2 | . . . . . 1 . . 1 Open Door 1 | . . . . . . 1 . . Unreport Threat 1 | . . . . . 1 . . . Locate Traps 2 | . . . . . 1 . . 1 Zone Layout 1 | . . . . . . . . 1 Derelict Proto ID Bank 1 | . . . 1 . . . . . Fabricator Hacks 2 | . . . . . . . . 2 Network Status 2 | . . . . . . . . 2 Repair Station Hacks . | . . . . . . . . . Recycling Unit Hacks . | . . . . . . . . . Scanalyzer 15 | . . . . . 13 . . 2 Insert Component 8 | . . . . . 6 . . 2 Analyze 7 | . . . . . 7 . . . Garrison Access Hacks 1 | . . . . . 1 . . . Unlock Access 1 | . . . . . 1 . . . Unauthorized Hacks 10 | . 1 . . . 6 . 2 1 Terminals 8 | . 1 . . . 5 . 2 . Track 1 | . . . . . 1 . . . Assimilate 1 | . . . . . 1 . . . Botnet 4 | . 1 . . . 2 . 1 . Disrupt 2 | . . . . . 1 . 1 . Fabricators 1 | . . . . . . . . 1 Haulers 1 | . . . . . . . . 1 Repair Stations . | . . . . . . . . . Recycling Units . | . . . . . . . . . Scanalyzers 1 | . . . . . 1 . . . Extract 1 | . . . . . 1 . . . Garrison Access . | . . . . . . . . . Data Cores Recovered . | . . . . . . . . . Used . | . . . . . . . . . Hacking Detections 27 | . 1 1 . . 6 4 5 10 Full Trace Events 7 | . 1 . . . 1 1 2 2 Feedback Events . | . . . . . . . . . Feedback Blocked . | . . . . . . . . . Robot Schematics Acquired . | . . . . . . . . . Robots Built . | . . . . . . . . . Authchips . | . . . . . . . . . Time . | . . . . . . . . . Total Robot Build Rating . | . . . . . . . . . Part Schematics Acquired 10 | . . . . . 10 . . . Parts Built . | . . . . . . . . . Authchips . | . . . . . . . . . Time . | . . . . . . . . . Total Part Build Rating . | . . . . . . . . . Parts Repaired . | . . . . . . . . . Time . | . . . . . . . . . Parts Recycled . | . . . . . . . . . Recycled Matter . | . . . . . . . . . Retrieved Matter . | . . . . . . . . . Retrieved Components . | . . . . . . . . . Parts Scanalyzed 7 | . . . . . 6 . . 1 Part Schematics Acquired 6 | . . . . . 6 . . . Parts Damaged 1 | . . . . . . . . 1 Bothacking | -11 -10 -10 -10 -9 -8 -8 -8 -7 ------------ Run | Yrd Mat Min Exi Min Mat Gar Mat Fac Used RIF Installer . | . . . . . . . . . Robots Hacked . | . . . . . . . . . Non-combat . | . . . . . . . . . Combat . | . . . . . . . . . Robot Hacks Applied . | . . . . . . . . . Relay Couplers Released 16 | . . . . . . 16 . . Machine Destruction 16 | . . . . . . 16 . . Fabnet Peak Effective % . | . . . . . . . . . Robots Rewired 3 | . . . . . . 3 . . Allies Hacked . | . . . . . . . . . Hacks Repelled . | . . . . . . . . . Allies | -11 -10 -10 -10 -9 -8 -8 -8 -7 -------- Run | Yrd Mat Min Exi Min Mat Gar Mat Fac Total Allies 4 | . . . . . 1 3 . . Largest Group 3 | . . . . . 1 3 1 . Highest-Rated Group 76 | . . . . . 10 76 31 . Highest-Rated Ally 31 | . . . . . 10 31 31 . Total Orders . | . . . . . . . . . Ally Attacks 43 | . . . . . . 35 8 . Total Damage 919 | . . . . . . 793 126 . Kills 8 | . . . . . . 7 1 . Allies Corrupted . | . . . . . . . . . Allies Melted . | . . . . . . . . . Intel | -11 -10 -10 -10 -9 -8 -8 -8 -7 ------- Run | Yrd Mat Min Exi Min Mat Gar Mat Fac Robot Analysis Total 6 | . 1 3 . . 2 . . . Derelict Logs Recovered 1 | . . 1 . . . . . . Drone Launches . | . . . . . . . . . Drone Recoveries . | . . . . . . . . . Exploration | -11 -10 -10 -10 -9 -8 -8 -8 -7 ------------- Run | Yrd Mat Min Exi Min Mat Gar Mat Fac Turns Passed 5800 | 53 249 455 225 45 1234 1064 837 1638 Spaces Moved 3544 | 43 120 414 214 19 675 652 403 1004 Core 17 | 7 . . . . . . . 10 Treads 4 | . . . . . . . . 4 Legs 267 | . . . . . 66 40 . 161 Wheels 3256 | 36 120 414 214 19 609 612 403 829 Hover . | . . . . . . . . . Flight . | . . . . . . . . . Fastest Speed 50 | 50 100 105 105 105 95 100 110 50 Average Speed 111 | 91 107 105 105 105 103 108 119 121 Slowest Speed 330 | 100 115 105 105 105 130 120 150 330 Overloaded Moves . | . . . . . . . . . Propulsion Burnouts . | . . . . . . . . . Robots Hopped . | . . . . . . . . . Cave-ins Triggered . | . . . . . . . . . Exploration Rate (%) 44 | 3 27 72 61 11 67 80 53 28 Regions Visited 8 Branch Regions 3 Pre-discovered Areas 1 | . . 1 . . . . . . Known Exits Taken 1 | . . . . . 1 . . . Unknown Exits Taken 6 | 1 1 1 1 1 . . 1 . Scrap Searched 1 | . . 1 . . . . . . Spaces Dug 1 | . . . . . 1 . . . Terrain Destroyed 162 | . . . . . 32 74 14 42 Melee 1 | . . . . . 1 . . . Projectile 34 | . . . . . 7 3 14 10 AOE 127 | . . . . . 24 71 . 32 Terrain Rammed . | . . . . . . . . . Walls Destroyed . | . . . . . . . . . Machines Disabled . | . . . . . . . . . Actions | -11 -10 -10 -10 -9 -8 -8 -8 -7 --------- Run | Yrd Mat Min Exi Min Mat Gar Mat Fac Total 4709 | 56 178 423 214 27 1074 880 568 1289 Wait 430 | . 1 1 . . 271 33 37 87 Move 3536 | 42 119 413 213 18 674 651 402 1004 Hop . | . . . . . . . . . Pick Up 97 | 8 13 1 1 . 27 4 12 31 Fast Attach 29 | . . . . . . 1 6 22 Attach 60 | 6 8 1 . . 10 3 7 25 Detach 2 | . . . . . . . . 2 Swap 42 | . 1 1 . . 14 4 7 15 Drop 57 | . 1 . . . 13 3 9 31 Fire 323 | . 35 6 . 9 64 57 88 64 Melee 7 | . . . . . 1 . . 6 Ram . | . . . . . . . . . Kick . | . . . . . . . . . Crush . | . . . . . . . . . Escape Stasis 64 | . . . . . . 64 . . Rewire 62 | . . . . . . 60 . 2 Trap . | . . . . . . . . . Miscellaneous . | . . . . . . . . . Route ------- -11/Scrapyard -10/Materials -10/Mines (discovered 2 exits: [*Mat] / *Exi) -10/Exiles -9/Mines -8/Materials (discovered 2 exits: *Fac / Gar) -8/Garrison (discovered 3 exits: *Mat x3) -8/Materials (discovered 2 exits: *Fac x2) -7/Factory (discovered 4 exits: [*Fac] / [*Sto] / [*Low x2]) History --------- Turn | Location | Event 24 | -11/Scrapyard | Discovered new exit (range 16) 54 | -11/Scrapyard | Entered Materials 226 | -10/Materials | Discovered new exit (range 9) 303 | -10/Materials | Build established: Mutant 303 | -10/Materials | Entered Mines 401 | -10/Mines | Met a Derelict bent on vengeance 429 | -10/Mines | Discovered new exit (range 6) 498 | -10/Mines | Learned location of Zion (-6) 618 | -10/Mines | Deemed a non-threat by the Exiles lab entrance 618 | -10/Mines | Discovered new exit (range 5) 758 | -10/Mines | Entered Exiles 784 | -10/Exiles | Met 8R-AWN 802 | -10/Exiles | Met EX-HEX 830 | -10/Exiles | Met EX-BIN 844 | -10/Exiles | Aligned with FarCom system 845 | -10/Exiles | Given EX-Vault access code 871 | -10/Exiles | Opened EX-Vault 878 | -10/Exiles | Found AWS/Autocannon 901 | -10/Exiles | Warned to stay clear of 0b10 Research branches 931 | -10/Exiles | Met EX-DEC 968 | -10/Exiles | Discovered new exit (range 14) 983 | -10/Exiles | Left Exiles lab with AWS/Autocannon 983 | -10/Exiles | Entered Mines 985 | -9/Mines | Core integrity fell below 50% 1014 | -9/Mines | Discovered new exit (range 15) 1021 | -9/Mines | Assembled infested the area 1028 | -9/Mines | Entered Materials 1028 | -8/Materials | Evolved 4 slots: Utility x3, Weapon x1 1536 | -8/Materials | Lost 3 parts (1n1u1w) 1687 | -8/Materials | Central database locked down 1949 | -8/Materials | Build established: Skirmisher 2013 | -8/Materials | Discovered new exit (range 3) 2143 | -8/Materials | Garrison activated, responded to threat 2261 | -8/Materials | Identified exit to Garrison 2262 | -8/Materials | Entered Garrison 2278 | -8/Garrison | Triggered checkpoint 2409 | -8/Garrison | Garrison Relay disabled 2412 | -8/Garrison | Triggered checkpoint 2590 | -8/Garrison | Triggered checkpoint 2647 | -8/Garrison | Discovered new exit (range 10) 2722 | -8/Garrison | Garrison Relay disabled 2776 | -8/Garrison | Triggered checkpoint 2802 | -8/Garrison | Triggered checkpoint 2840 | -8/Garrison | Triggered checkpoint 2872 | -8/Garrison | Destroyed 7 combat bots 2913 | -8/Garrison | Discovered new exit (range 12) 2974 | -8/Garrison | Triggered checkpoint 3006 | -8/Garrison | Garrison Relay disabled 3032 | -8/Garrison | Triggered checkpoint 3137 | -8/Garrison | Discovered new exit (range 12) 3192 | -8/Garrison | Phase Generator disabled 3296 | -8/Garrison | Triggered checkpoint 3296 | -8/Garrison | Garrison Relay disabled 3326 | -8/Garrison | Entered Materials 3326 | -8/Materials | Accompanied by 1 ally 3692 | -8/Materials | Discovered new exit (range 7) 3919 | -8/Materials | Core integrity fell below 50% 3964 | -8/Materials | Lost 3 parts (1n1u1w) 3988 | -8/Materials | Core integrity fell below 20% 4126 | -8/Materials | First assault squad dispatched 4137 | -8/Materials | Discovered new exit (range 6) 4163 | -8/Materials | Entered Factory 4163 | -7/Factory | Evolved 2 slots: Propulsion x1, Utility x1 4247 | -7/Factory | Discovered new exit (range 14) 4515 | -7/Factory | Discovered new exit (range 15) 4742 | -7/Factory | Discovered new exit (range 11) 4898 | -7/Factory | Cargo convoy interrupted 4935 | -7/Factory | Found Prototype Device 4936 | -7/Factory | Identified Adv. EM Disruption Field 4970 | -7/Factory | Lost 5 parts (2n2u1w) 4985 | -7/Factory | Destroyed 9 combat bots 5103 | -7/Factory | Lost 4 parts (1p2n1u) 5262 | -7/Factory | Core integrity fell below 50% 5290 | -7/Factory | Lost 6 parts (1p4u1w) 5392 | -7/Factory | Garrison activated, responded to threat 5451 | -7/Factory | Discovered new exit (range 16) 5463 | -7/Factory | Core integrity fell below 20% 5493 | -7/Factory | Lost 10 parts (1p3n3u3w) 5763 | -7/Factory | First assault squad dispatched 5801 | -7/Factory | Destroyed by G-47 Trooper with Particle Gun Last Messages --------------- Destroyed VTOL Module. S-27 Virus destroyed. Dropped AWS/Autocannon. Acquired AWS/Autocannon. Acquired Gauss Cannon. Connecting with Fabricator... >>Network(Status) Querying network status... 6 records found: (42,101) - Loaded: Recalibrator (120,74) - Idle (105,32) - Idle (15,168) - Loaded: Coolant Injector (41,14) - Building: P-60 Hacker (69,157) - Connection failed &L,18R/S1|QX=|WBH ALERT: Significant disruption in Zone 9X, assault force dispatched. Acquired 52 matter. Weapon Shielding destroyed. Map ----- +----------------------------------------------------+ | ??# #?????????????????????????????????? % | | ??#^^ #?????????????????????????????????? "% | | ??# #???????????????????????????????????????## | | ??# #?????????????????????????????????????????? | | ??# #?????????????????????????????????????????? | | ??# #?????????????????????????????????????????? | | ??# %*#??????????????????????? ???????????????? | | ??# ##+#######???????????????? +??????????????? | | ??# #= [ #???????????????? #??????????????? | | ??# #" """ #??????????????? #?????????????# | | ??# #" """ #????#+######### #?????????????# | | ### #" """ #????# #?????????????# | | #T #????# #?????????????# | | ### #" """ #????# #?????????????# | | ??# #" """ #????# #?????????????# | | ### #" """ #????# #?????????????# | | # # ###### < #############????????# | | " # #####+####;##;; # #????????# | | " # ## % # ########## | | " # ## % # + | | # ## < ! %% """ """ ####### | | # ## i [ % =# """ """ #?????# | | # ## % % # """ """ #?????# | | # #####+############% # #???#### | | ### %** # # =g###+############# | | % """ """ # """ # @!g % | | """%""" # """ + %=% ##" ### | | """ """ # """ # * #######?? | | "" "" # "" # [ # #?????? | | " "" "" # "" # !*!%= Y #?????? | | ##### # #########+#######/# ###???? | | ????# # ""### *# #???? | | ??############# ""##" % * " [ [= #???? | | ??# + Y"# " " "" #???? | | ### ########### ""### # "" #???? | | #?????????# ""##" # " #???? | | #?????????# ### """ #= ![%""""" #???? | | #?????????########?# """ # #???? | | #??????????????????# """ # #???? | | #??????????????????# # #???? | | #??????????????????########## ! " " #???? | | !!]#############???????????????# ""G"" #???? | | !]]# #???????????????# #???? | | !] # ] #???????????????##############???? | | # #????????????????????????????????? | | + #????????????????????????????????? | | ##### #????????????????????????????????? | | ????# #????????????????????????????????? | | ????? #????????????????????????????????? | | ?????############????????????????????????????????? | +----------------------------------------------------+ Best States ------------- Heat Dissipation 110 Coolant Potential 130 Energy Generation 18 Energy Capacity 290 Matter Stores 300 Matter Capacity 300 Sight Range 16 Terrain Scan Density 10 Base Temperature (-) 100 Armor Coverage 375 Resistance: KI 30 Resistance: EM 50 Power Shielding 33 Weapon Shielding 33 Weapon Cycling 15 Evasion (%) 55 Targeting Accuracy 8 Core Analysis 6 Recoil Reduction 1 Particle Charging 15 Item Schematics ----------------- Imp. Carbon-fiber Leg | -8/Materials | Scanalyzed Cryofiber Web | -8/Materials | Scanalyzed Hvy. Particle Cannon | -8/Materials | Scanalyzed Wheel | -8/Materials | Scanalyzed Arm. Wheel | -8/Materials | Scanalyzed Gauss Rifle | -8/Materials | Scanalyzed Imp. Hover Unit | -8/Materials | Extracted Lrg. Matter Pod | -8/Materials | Extracted Cld. Ion Engine | -8/Materials | Extracted Hrd. Medium Armor Plating | -8/Materials | Extracted Robot Schematics ------------------ None Fabricated ------------ Nothing Alien Tech Used ----------------- None Achievements -------------- None Challenges ------------ None Game ------ Seed RemoteGravmagAutocannon Manual? 0 Play Time 01:16:17 Cumulative 199.0 hours Start 2024.09.08 @ 09:18:30 End 2024.09.08 @ 10:33:20 Sessions 1 Manual Loads 0 Difficulty Rogue Special Mode None Game No. 168 Rogue 159 Adventurer 9 Explorer 0 Win Type - Total 0 Types 0/0/0/0/0/0/0/0/0 Lore% 69 Gallery% 69 Achievement% 55 Wizard Run 0 Options --------- Layout 1 ASCII 0 Keyboard 0 Movement Mouse Keybinds 0 Fullscreen 1 Font 24/Smallcaps Map View 50x35 Zoom Use 0% Tactical HUD 0 Map Filters NONE Filters NONE Steam 1 RUN: abc56a9c-9be7-4b67-a787-69b4ff0d9e02